 Dungeon Crawl Stone Soup version 0.20.1-1-g8b1a95d (webtiles) character file.

2119 equalderp2856 the Chopper (level 9, -4/67 HPs)
             Began as a Mummy Fighter on Oct 11, 2017.
             Slain by a thrashing horror (10 damage)
             ... on level 1 of the Abyss.
             The game lasted 00:19:20 (9566 turns).

equalderp2856 the Chopper (Mummy Fighter)           Turns: 9566, Time: 00:19:21

Health: -4/67      AC: 13    Str: 19      XL:     9   Next: 8%
Magic:  14/14      EV:  4    Int: 11      God:
Gold:   286        SH:  9    Dex: 10 (11) Spells: 13/14 levels left

rFire    x . .     SeeInvis .   a - +0 war axe
rCold    + . .     Gourm    .   c - +0 shield
rNeg     + + +     Faith    .   i - +0 plate armour
rPois    ∞         Spirit   .   (no helmet)
rElec    .         Reflect  .   (no cloak)
rCorr    .         Harm     .   (no gloves)
MR       +....                  n - +0 pair of boots
Stlth    ..........             (no amulet)
Regen    0.3/turn               d - ring of poison resistance
MPRegen  0.2/turn               g - ring of wizardry

@: very slightly contaminated
A: no food or potions, fire vulnerability, cold resistance 1, negative energy
resistance 3, torment resistance, unbreathing
a: no special abilities


You were on level 1 of the Abyss.
You were not hungry.

You visited 1 branch of the dungeon, and saw 6 of its levels.
You visited the Abyss 1 time.
You also visited: Sewer.

You collected 286 gold pieces.

Inventory:

Hand Weapons
 a - a +0 war axe (weapon)
Armour
 b - a +0 scale mail
 c - a +0 shield (worn)
 i - a +0 plate armour (worn)
 k - a +3 leather armour of fire resistance
 n - a +0 pair of boots (worn)
Jewellery
 d - a ring of poison resistance (left hand)
 g - a ring of wizardry (right hand)
 j - an uncursed ring of positive energy
Wands
 h - a wand of random effects (23/48)
 l - a wand of confusion (0/48)
Scrolls
 e - a scroll of amnesia
 m - a scroll of random uselessness
 o - a scroll of enchant weapon
 p - a scroll of blinking
 q - a scroll of teleportation {unknown}
 r - a scroll of recharging {unknown}
 s - 3 scrolls of identify
 t - a scroll of enchant armour {unknown}
 u - a scroll of fear {unknown}
 v - a scroll of remove curse {unknown}
Books
 f - a book of Conjurations

   Spells                             Type                      Level
   a - Magic Dart                     Conjuration                  1
   b - Searing Ray                    Conjuration                  2
   c - Dazzling Spray                 Conjuration/Hexes            3
   d - Fulminant Prism                Conjuration/Hexes            4
   e - Force Lance                    Conjuration/Translocation    4
   f - Iskenderun's Mystic Blast      Conjuration                  4


   Skills:
 + Level 4.8 Fighting
 + Level 5.9 Axes
 + Level 5.2 Armour
 + Level 1.0 Dodging
 + Level 0.3 Stealth
 + Level 5.0 Shields
 * Level 3.4 Spellcasting
 * Level 2.1 Conjurations
 + Level 0.1 Evocations


You had 13 spell levels left.
You knew the following spells:

 Your Spells              Type           Power        Failure   Level  Hunger
a - Magic Dart            Conj           #...         98%         1    N/A

Dungeon Overview and Level Annotations

Branches:
Dungeon (6/15)             Temple (0/1) D:4

Altars:
Ashenzari
Cheibriados
Okawaru
Sif Muna
Trog
Uskayaw
Yredelemnul

Shops:
D:4 [   D:6 (

Annotations:
D:4 Pikel


Innate Abilities, Weirdness & Mutations

You do not eat or drink.
Your flesh is vulnerable to fire.
You are immune to poison.
Your flesh is cold resistant. (rC+)
You are immune to negative energy. (rN+++)
You are immune to unholy pain and torment.
You can survive without breathing.


Message History

Unknown command.
Blink to where?
Press: ? - help, Dir - move target cursor You are very lightly contaminated with residual magic.
As you read the scroll of blinking, it crumbles to dust.
Unknown command.
Evoke which item? (* to show all) (? for menu, Esc to quit)
Aiming: Random Effects (will waste charges)
Press: ? - help, Shift-Dir - straight line, f - thrashing horror
Aim: a thrashing horror (severely damaged, unusually strong)
The thrashing horror resists with almost no effort.
Evoking this partially-identified wand wasted a few charges.
Evoke which item? (* to show all) (? for menu, Esc to quit)
Aiming: Random Effects (will waste charges)
Press: ? - help, Shift-Dir - straight line, f/p - thrashing horror
Aim: a thrashing horror (severely damaged, unusually strong)
The thrashing horror resists with almost no effort.
Evoking this partially-identified wand wasted a few charges.
The thrashing horror tramples you!
You die...

#### ####
#. .##.@# .
## .#...X##
......#..##
..#x.#..##
...#..##
###.#.###
X.§..#
..### ...#


You could see a thrashing horror and a worldbinder.

Vanquished Creatures
  Grinder (D:5)
  Sigmund (D:3)
  Duvessa (D:5)
  A sky beast (D:6)
  A phantom (D:5)
  A slave (D:4)
  An ogre (D:4)
  A centaur (D:6)
  Blork the orc (D:4)
  A bullfrog (D:6)
  Dowan (D:5)
  2 scorpions
  A crimson imp (D:5)
  A centaur zombie (D:6)
  A hound (D:4)
  A gnoll shaman (D:3)
  2 jellies
  An orc priest (D:3)
  Ijyb (D:3)
  10 orc wizards
  Terence (D:2)
  Jessica (D:3)
  An iguana (D:4)
  Natasha (thrice) (D:3)
  3 worker ants
  8 gnolls
  8 adders
  A shadow imp (D:4)
  An adder skeleton (D:4)
  2 worms
  5 dart slugs
  5 leopard geckos
  16 orcs
  3 ball pythons
  7 giant cockroaches
  2 gnoll zombies (D:3)
  9 hobgoblins
  15 jackals
  8 kobolds
  5 quokkas
  8 bats
  9 frilled lizards
  8 goblins
  4 rats (D:1)
164 creatures vanquished.

Notes
Turn   | Place    | Note
-------+----------+-------------------------------------------
     0 | D:1      | equalderp2856 the Mummy Fighter began the quest for the Orb.
     0 | D:1      | Reached XP level 1. HP: 18/18 MP: 1/1
   104 | D:1      | Reached XP level 2. HP: 20/24 MP: 2/2
   260 | D:1      | Reached XP level 3. HP: 27/29 MP: 3/3
   956 | D:2      | Found a snail-covered altar of Cheibriados.
   975 | D:2      | Found a hide-covered altar of Uskayaw.
  1185 | D:2      | Reached XP level 4. HP: 22/35 MP: 4/4
  1221 | D:2      | Noticed Terence
  1248 | D:2      | Killed Terence
  1497 | D:2      | Found a faded altar of an unknown god.
  1794 | D:3      | Found a glowing drain.
  1803 | D:3      | Noticed Ijyb
  1855 | D:3      | Killed Ijyb
  1855 | D:3      | Reached XP level 5. HP: 38/41 MP: 5/5
  1883 | Sewer    | Entered a sewer
  2092 | Sewer    | Noticed ConnectionFaild's ghost (amateur CeHu)
  2682 | D:3      | Noticed Jessica
  2721 | D:3      | Killed Jessica
  2882 | D:3      | Reached XP level 6. HP: 24/48 MP: 6/6
  3951 | D:3      | Noticed Sigmund
  4128 | D:3      | Killed Sigmund
  4128 | D:3      | Reached XP level 7. HP: 40/53 MP: 7/7
  4409 | D:3      | Noticed Natasha
  4421 | D:3      | Killed Natasha
  4439 | D:3      | Found a basalt altar of Yredelemnul.
  4582 | D:3      | Noticed Natasha
  4603 | D:3      | Killed Natasha
  4772 | D:4      | Found Erhyth's Antique Armour Boutique.
  4916 | D:4      | Learned a level 1 spell: Magic Dart
  5121 | D:4      | Found an iron altar of Okawaru.
  5217 | D:4      | Noticed Blork the orc
  5377 | D:4      | Killed Blork the orc
  5377 | D:4      | Reached skill level 1 in Conjurations
  5571 | D:4      | Found a staircase to the Ecumenical Temple.
  5663 | D:4      | Reached skill level 1 in Dodging
  5663 | D:4      | Reached XP level 8. HP: 34/60 MP: 7/9
  5874 | D:4      | Found a deep blue altar of Sif Muna.
  5890 | D:4      | Reached skill level 1 in Spellcasting
  6628 | D:5      | Entered Level 5 of the Dungeon
  6669 | D:5      | Found a bloodstained altar of Trog.
  6869 | D:5      | Noticed Grinder
  6917 | D:5      | Paralysed by Grinder for 4 turns
  6938 | D:5      | Paralysed by Grinder for 6 turns
  6950 | D:5      | Paralysed by Grinder for 7 turns
  7019 | D:5      | Paralysed by Grinder for 6 turns
  7059 | D:5      | Killed Grinder
  7059 | D:5      | Reached skill level 5 in Axes
  7087 | D:5      | Noticed Dowan
  7088 | D:5      | Noticed Duvessa
  7146 | D:5      | Killed Duvessa
  7372 | D:5      | Killed Dowan
  7441 | D:5      | Noticed Pikel
  7456 | D:5      | Noticed a two-headed ogre
  7813 | D:5      | Reached skill level 5 in Armour
  7952 | D:3      | Noticed Natasha
  7955 | D:3      | Killed Natasha
  8851 | D:6      | Found a shattered altar of Ashenzari.
  8871 | D:6      | Reached skill level 5 in Shields
  8928 | D:6      | Found Yssick's Weapon Shoppe.
  9029 | D:6      | Reached XP level 9. HP: 47/66 MP: 13/13
  9460 | D:6      | Cast into level 1 of the Abyss (orc wizard)
  9535 | Abyss:1  | Noticed a worldbinder
  9537 | Abyss:1  | Noticed a thrashing horror
  9541 | Abyss:1  | Noticed an orb spider
  9546 | Abyss:1  | Noticed a jumping spider
  9546 | Abyss:1  | Noticed a jumping spider
  9551 | Abyss:1  | Noticed an orb spider
  9560 | Abyss:1  | Noticed a jumping spider
  9566 | Abyss:1  | Slain by a thrashing horror

Skill      XL: |  1  2  3  4  5  6  7  8 |
---------------+-------------------------+-----
Axes           | 2 3 4 5 |  5.9
Armour         | 3 4 5 |  5.2
Shields        | 3 4 5 |  5.0
Fighting       | 4 |  4.8
Conjurations   | 1 2 |  2.1
Dodging        | 1 |  1.0
Spellcasting   | 3 |  3.4
Stealth        | |  0.3
Evocations     | |  0.1

Action                   |  1- 3 |  4- 6 |  7- 9 || total
-------------------------+-------+-------+-------++-------
Melee: War axe           |   167 |   276 |   559 ||  1002
Evoke: Wand              |       |     2 |     4 ||     6
  Use: Scroll            |       |     3 |     5 ||     8
Armor: Scale mail        |    87 |    20 |       ||   107
       Plate armour      |       |   153 |   392 ||   545
Dodge: Dodged            |    83 |    56 |    80 ||   219
Block: Shield            |   110 |   143 |   302 ||   555
